 Seeded DCSS version 0.28.0-43-g3370ac3207 (webtiles) character file.

Game seed: 54321234 (custom seed)

56 prospektor the Chopper (level 4, -7/36 HPs)
             Began as a Human Chaos Knight on Mar 3, 2022.
             Was a Plaything of Xom.
             Mangled by an iguana (12 damage)
             ... on level 2 of the Dungeon.
             The game lasted 00:06:11 (1364 turns).

prospektor the Chopper (Human Chaos Knight)         Turns: 1364, Time: 00:06:12

Health: -7/36      AC:  7    Str: 12    XL:     4   Next: 15%
Magic:  4/4        EV: 11    Int: 15    God:    Xom [....*.]
Gold:   87         SH:  0    Dex: 12    Spells: 3/3 levels left

rFire   . . .      SeeInvis .   a - +0 hand axe (chaos)
rCold   . . .      Faith    .   (no shield)
rNeg    . . .      Spirit   .   b - +2 leather armour
rPois   .          Reflect  .   (no helmet)
rElec   .          Harm     .   (no cloak)
rCorr   .          Rampage  .   (no gloves)
Will    .....                   (no boots)
Stlth   +.........              i - amulet of regeneration
HPRegen 0.92/turn               (no ring)
MPRegen 0.09/turn               (no ring)

@: no status effects
A: iridescent scales 1
a: Renounce Religion


You were on level 2 of the Dungeon.
You worshipped Xom.
You were a beloved toy of Xom.
You visited 1 branch of the dungeon, and saw 2 of its levels.

You collected 87 gold pieces.

Inventory:

Hand Weapons
 a - a +0 hand axe of chaos (weapon)
 e - a +0 mace of protection
Armour
 b - a +2 leather armour (worn)
Jewellery
 i - an amulet of regeneration (around neck)
 l - a +4 ring of protection
Scrolls
 f - 2 scrolls of identify {unknown}
 g - a scroll of magic mapping {unknown}
 h - a scroll of blinking {unknown}
 j - a scroll of enchant armour {unknown}
 n - a scroll of teleportation {unknown}
Potions
 c - 2 potions of curing {unknown}
 d - 2 potions of degeneration {unknown}
 k - a potion of haste {unknown}
 m - a potion of might {unknown}


   Skills:
 + Level 3.6 Fighting
 + Level 3.9 Axes
 + Level 2.3 Armour
 + Level 1.1 Dodging


You had 3 spell levels left.
You didn't know any spells.
Your spell library contained the following spells:

 Spells                   Type           Power      Damage    Failure   Level
 Animate Skeleton         Necr           0%         N/A       34%         1
 Pain                     Necr           0%         1d4       34%         1
 Vampiric Draining        Necr           0%         2d6       71%         3


Dungeon Overview and Level Annotations

Branches:
Dungeon (2/15)

Altars:
Hepliaklqana

Shops:
D:1 [


Innate Abilities, Weirdness & Mutations

You are partially covered in iridescent scales. (AC +2)


Message History

You closely miss the iguana.
The iguana is lightly wounded.
You hit the quokka.
The quokka is poisoned.
You hit the rat.
The rat appears confused.
The iguana barely misses you. The quokka bites you.
You completely miss the iguana.
The iguana is lightly wounded.
You barely miss the quokka. The iguana barely misses you.
The quokka bites you but does no damage.
The rat bites the orc.
You kill the quokka!
The iguana bites you.
You hit the iguana but do no damage.
The iguana is poisoned.
The iguana is lightly wounded.
The iguana barely misses you.
The rat barely misses the orc.
You hit the iguana.
The iguana seems to slow down.
The iguana is heavily wounded.
The iguana closely misses you.
You hit the iguana but do no damage.
The iguana is heavily wounded.
The iguana is no longer moving slowly.
The rat bites the iguana.
The iguana bites you but does no damage.
You hit the iguana but do no damage.
The iguana is severely wounded.
The rat barely misses the orc.
The iguana barely misses you.
You completely miss the iguana.
The iguana is severely wounded.
The rat barely misses the endoplasm.
The rat barely misses itself.
The iguana bites you but does no damage.
You hit the iguana but do no damage.
The iguana flickers and vanishes!
Deactivating autopickup; reactivate with Ctrl-A.
Something bites you!
The rat bites itself.
The rat is killed!
You closely miss something. Something bites you.
You closely miss something. Something bites you!
You emit a cloud of colourful smoke!
You closely miss something. Something bites you.
You barely miss something. Something bites you!
* * * LOW HITPOINT WARNING * * *
You miss something. Something bites you!
You die...

#..#'#..# ##.##)##.##
##########..#.).#..#
(.........#######..
#####.#......# #..
#...#..#.....# +..
#...##......## ##.
#...###§....#.. #.
#..§§@{J....'......
#.
###.§##o....#......
#.
##..##....#########.
##..##....#....†'..
#.......#)....#..
##..#..#######..
##.....# #..#
#######......## #...
#........#....#+#..##


You could see an orc and an endoplasm.

Vanquished Creatures
  An adder (D:2)
  A worm (D:2)
  2 dart slugs
  3 bats
  5 endoplasms
  4 goblins
  3 hobgoblins
  3 kobolds
  3 quokkas
  7 ball pythons
  A frilled lizard (D:1)
  A rat (D:2)
34 creatures vanquished.

Notes
Turn   | Place    | Note
-------+----------+-------------------------------------------
     0 | D:1      | prospektor the Human Chaos Knight began the quest for the
                  | Orb.
     0 | D:1      | Reached XP level 1. HP: 18/18 MP: 1/1
   191 | D:1      | Reached XP level 2. HP: 23/24 MP: 2/2
   334 | D:1      | Found Weporr's Armour Emporium.
   427 | D:1      | XOM: noise
   432 | D:1      | Found a faded altar of an unknown god.
   432 | D:1      | XOM: cloud trail
   502 | D:1      | XOM: 9-stop teleportation journey
   881 | D:1      | Reached XP level 3. HP: 29/29 MP: 3/3
  1008 | D:2      | XOM: confusion (+ monsters)
  1013 | D:2      | XOM: scenery: summon butterflies
  1121 | D:2      | XOM: smoke on damage
  1215 | D:2      | Found a hazy altar of Hepliaklqana.
  1261 | D:2      | Reached XP level 4. HP: 31/36 MP: 4/4
  1296 | D:2      | XOM: give mutation
  1296 | D:2      | Gained mutation: You are partially covered in iridescent
                  | scales. (AC +2) [Xom's grace]
  1361 | D:2      | XOM: smoke on damage
  1364 | D:2      | Mangled by an iguana

Illustrated notes

Levels and vault maps discovered:
D:1:      dpeg_arrival_ternary, layout_rooms,
          hellmonk_ecumenical_altar_crossroads, serial_shops,
          nicolae_shop_competitors_out_of_business,
          ebering_dispersal_statue_hall
D:2:      layout_rooms, basic_altar, minmay_divided_ellipse

Action                   |  1- 3 |  4- 6 || total
-------------------------+-------+-------++-------
Melee: Hand axe          |    65 |    27 ||    92
 Stab: Confused          |     1 |       ||     1
Armor: Leather armour    |    24 |     7 ||    31
Dodge: Dodged            |    34 |    16 ||    50
